 Dungeon Crawl Stone Soup version 0.20.1-1-g8b1a95d (webtiles) character file.

63 equalderp2856 the Magician (level 3, 0/24 HPs)
             Began as a Mummy Wizard on Oct 23, 2017.
             Slain by a worm (8 damage)
             ... on level 2 of the Dungeon.
             The game lasted 00:04:05 (2696 turns).

equalderp2856 the Magician (Mummy Wizard)           Turns: 2696, Time: 00:04:06

Health: 0/24       AC:  5    Str: 10    XL:     3   Next: 87%
Magic:  2/9        EV: 10    Int: 18    God:
Gold:   150        SH:  0    Dex: 10    Spells: 9/12 levels left

rFire    x . .     SeeInvis .   (no weapon)
rCold    + . .     Gourm    .   (no shield)
rNeg     + + +     Faith    .   i - +0 ring mail
rPois    ∞         Spirit   .   b - +0 hat
rElec    .         Reflect  .   (no cloak)
rCorr    .         Harm     .   (no gloves)
MR       .....                  (no boots)
Stlth    +.........             (no amulet)
Regen    0.1/turn               (no ring)
MPRegen  0.2/turn               (no ring)

@: no status effects
A: no food or potions, fire vulnerability, cold resistance 1, negative energy
resistance 3, torment resistance, unbreathing
a: no special abilities


You were on level 2 of the Dungeon.
You were not hungry.

You visited 1 branch of the dungeon, and saw 3 of its levels.

You collected 150 gold pieces.

Inventory:

Armour
 a - a +0 robe
 b - a +0 hat (worn)
 i - a +0 ring mail (worn)
Jewellery
 m - a cursed ring of teleportation {unknown}
Scrolls
 d - 2 scrolls of remove curse {unknown}
 e - a scroll of blinking {unknown}
 f - a scroll of random uselessness {unknown}
 g - 4 scrolls of amnesia {unknown}
 h - a scroll of identify {unknown}
 j - a scroll of fog {unknown}
 k - a scroll of teleportation {unknown}
 l - a scroll of immolation {unknown}
Books
 c - a book of Minor Magic

   Spells                             Type                      Level
   a - Magic Dart                     Conjuration                  1
   b - Blink                          Translocation                2
   c - Call Imp                       Summoning                    2
   d - Slow                           Hexes                        2
   e - Conjure Flame                  Conjuration/Fire             3
   f - Mephitic Cloud                 Conjuration/Poison/Air       3


   Skills:
 + Level 0.2 Fighting
 + Level 0.1 Armour
 + Level 1.8 Dodging
 + Level 1.6 Stealth
 + Level 0.4 Unarmed Combat
 + Level 5.2 Spellcasting
 + Level 1.3 Conjurations
   Level 0.7 Summonings
 + Level 0.8 Translocations


You had 9 spell levels left.
You knew the following spells:

 Your Spells              Type           Power        Failure   Level  Hunger
a - Magic Dart            Conj           #...         19%         1    N/A
b - Blink                 Tloc           N/A          34%         2    N/A

Dungeon Overview and Level Annotations

Branches:
Dungeon (3/15)

Altars:
Ashenzari
Fedhas
Okawaru
Sif Muna
Zin


Innate Abilities, Weirdness & Mutations

You do not eat or drink.
Your flesh is vulnerable to fire.
You are immune to poison.
Your flesh is cold resistant. (rC+)
You are immune to negative energy. (rN+++)
You are immune to unholy pain and torment.
You can survive without breathing.


Message History

You hit the worm but do no damage.
The worm is severely wounded.
The worm closely misses you.
You hit the worm.
The worm is almost dead.
The worm misses you.
You hit the worm but do no damage.
The worm is almost dead.
You hit the worm.
The worm is almost dead.
The worm barely misses you.
Your ring mail prevents you from hitting the worm.
The worm is almost dead.
You hit the worm.
The worm is almost dead.
The worm barely misses you.
You hit the worm.
The worm is almost dead.
The worm bites you!
You die...

#...##.# #......#
#...#..## .......#...#
#...##...#.#
###......#.####
..####.......#
#...##...#########
#.##(#@....<...#
##>.#.#w...(....#
#...............#
......._..#.$.......#
......_8_.##?......$#
#......._..##..(.....#
#####......##........#
#..."####........#
###### #........#


You could see a worm.

Vanquished Creatures
  2 adders
  A worm (D:3)
  A leopard gecko (D:1)
  A ball python (D:1)
  3 bats (D:1)
  4 giant cockroaches (D:1)
  5 goblins
  3 hobgoblins (D:1)
  5 kobolds
  5 frilled lizards
  9 rats
39 creatures vanquished.

Notes
Turn   | Place    | Note
-------+----------+-------------------------------------------
     0 | D:1      | equalderp2856 the Mummy Wizard began the quest for the Orb.
     0 | D:1      | Reached XP level 1. HP: 13/13 MP: 5/5
   220 | D:1      | Reached XP level 2. HP: 19/19 MP: 2/7
   253 | D:1      | Learned a level 2 spell: Blink
   581 | D:1      | Reached skill level 1 in Conjurations
  1304 | D:1      | Reached skill level 5 in Spellcasting
  1315 | D:2      | Reached XP level 3. HP: 24/24 MP: 4/9
  1316 | D:2      | Found a glowing silver altar of Zin.
  1321 | D:2      | Found an iron altar of Okawaru.
  1322 | D:2      | Found a deep blue altar of Sif Muna.
  1322 | D:2      | Found a shattered altar of Ashenzari.
  1331 | D:3      | Found a blossoming altar of Fedhas.
  2037 | D:3      | Noticed an ogre
  2696 | D:2      | Slain by a worm

Skill      XL: |  1  2 |
---------------+-------+-----
Conjurations   | 1 |  1.3
Spellcasting   | 5 |  5.2
Fighting       | |  0.2
Armour         | |  0.1
Dodging        | |  1.8
Stealth        | |  1.6
Unarmed Combat | |  0.4
Summonings     | |  0.7
Translocations | |  0.8

Action                   || total
-------------------------++-------
Melee: Unarmed           ||    86
 Cast: Magic Dart        ||   108
       Blink             ||     3
Armor: Robe              ||    10
       Ring mail         ||    25
Dodge: Dodged            ||    80
